AoeStats
← [ KOF ] M. Kowalski

Nomad

507775536Analyzed
2v2 RM · 12d ago on Sep 19, 2026· 27m 42s· 4 players
Game mode
Random Map
Map size
176×176
Population
200
Speed
Normal
Resources
Standard
Victory
Conquest
Starting age
Dark Age
Ending age
Imperial Age
RankedLock teamsTeams togetherTeam positionsShared explorationLock speedFull tech treeHidden civsTurbo modeCheats
Victory
Defeat
🇲🇽 Italians · Mexico
1427
+12
🇦🇷 Vietnamese · Argentina
1343
+15
🇪🇬 Cumans · Egypt
1373
-15
🇪🇬 Saracens · Egypt
1289
-12
Mousa The GREAT
7:23 Loom
14:21 Feudal Age
18:06 Castle Age
Ali sanfur
6:03 Loom
15:47 Feudal Age
19:26 Castle Age
17:46 Fishing Lines
18:34 Double-Bit Axe
27:11 Bow Saw
[ KOF ] M. Kowalski
5:58 Loom
14:51 Feudal Age
18:56 Castle Age
17:43 Stone Mining
19:49 Wheelbarrow
20:23 Double-Bit Axe
20:28 Town Watch
~KOF~Legonas
9:18 Loom
12:15 Feudal Age
13:46 Fletching
19:41 Castle Age
23:45 Bodkin Arrow
Connection lost

Rejoining the realm…

Still unreachable

The connection could not be restored.

Session expired

The server has moved on; the page needs a fresh start.